 Seeded DCSS version 0.29.1-15-g9cfb28693d (webtiles) character file.

Game seed: 20230406 (custom seed)

40 Dillmonsterx101 the Covered (level 3, 0/33 HPs)
             Began as a Minotaur Fighter on Apr 6, 2023.
             Slain by a kobold
             ... wielding a +2 rapier of distortion
              (3 damage)
             ... on level 3 of the Dungeon.
             The game lasted 00:06:03 (1958 turns).

Dillmonsterx101 the Covered (Minotaur Fighter)      Turns: 1958, Time: 00:06:04

Health: 0/33       AC:  7    Str: 22    XL:     3   Next: 30%
Magic:  2/2        EV:  9    Int:  5    God:
Gold:   208        SH:  4    Dex:  9    Spells: 2/2 levels left

rFire   . . .      SeeInvis .   a - +0 war axe
rCold   . . .      Faith    .   c - +0 buckler
rNeg    . . .      Spirit   .   b - +0 scale mail
rPois   .          Reflect  .   (helmet restricted)
rElec   .          Harm     .   (no cloak)
rCorr   .          Rampage  .   (no gloves)
Will    .....                   (no boots)
Stlth   ..........              (no amulet)
HPRegen 0.11/turn               (no ring)
MPRegen 0.08/turn               (no ring)

@: no status effects
A: horns 2, retaliatory headbutt
a: no special abilities


You were on level 3 of the Dungeon.
You visited 1 branch of the dungeon, and saw 3 of its levels.

You collected 208 gold pieces.

Inventory:

Hand Weapons
 a - a +0 war axe (weapon)
Armour
 b - a +0 scale mail (worn)
 c - a +0 buckler (worn)
Jewellery
 l - a ring of ice
Scrolls
 f - a scroll of summoning {unknown}
 g - a scroll of poison {unknown}
 h - a scroll of acquirement {unknown}
 j - a scroll of butterflies {unknown}
 k - a scroll of teleportation {unknown}
 m - a scroll of identify {unknown}
Potions
 d - a potion of might
 e - 2 potions of heal wounds {unknown}
 i - a potion of attraction {unknown}
 n - a potion of cancellation {unknown}


   Skills:
 + Level 4.0 Fighting
 + Level 3.1 Axes
 + Level 4.3 Armour
 + Level 0.1 Stealth
 + Level 3.9 Shields


You had 2 spell levels left.
You didn't know any spells.
Your spell library contained the following spells:

 Spells                   Type           Power      Damage    Failure   Level
 Sandblast                Erth           0%         2d4       87%         1
 Passwall                 Tmut/Erth      0%         N/A       95%         2
 Stone Arrow              Conj/Erth      0%         3d7       99%         3


Dungeon Overview and Level Annotations

Branches:
Dungeon (3/15)

Altars:
Lugonu


Innate Abilities, Weirdness & Mutations

You have a pair of horns on your head.
You reflexively headbutt those who attack you in melee.


Message History

Done exploring.
As you open the door, it creaks loudly!
There is an open door here.
You see here a worm corpse.
There is a stone staircase leading down here.
You climb downwards.
There is a stone staircase leading up here.
Found a stone staircase leading down.
Found a large runed translucent door.
There is a stone staircase leading down here.
Found a stone staircase leading up.
Found a scroll labelled KAPRAICHYRCH.
Found a corrupted altar of Lugonu.
The kobold shouts!
You open the large door.
The kobold shouts!
You hit the kobold but do no damage. You headbutt the kobold.
The kobold is moderately wounded.
You block the kobold's attack.
You closely miss the kobold.
The kobold is moderately wounded.
The kobold hits you with a +2 rapier of distortion.
You blink.
A kobold comes into view.
It is wielding a +2 short sword of distortion.
The kobold shouts!
You closely miss the kobold. Your headbutt misses the kobold.
The kobold is moderately wounded.
The kobold hits you with a +2 rapier of distortion.
Space warps horribly around you! The kobold closely misses you.
You closely miss the kobold. Your headbutt misses the kobold.
The kobold is moderately wounded.
The kobold hits you with a +2 rapier of distortion.
* * * LOW HITPOINT WARNING * * *
Space warps around you.
* * * LOW HITPOINT WARNING * * *
You hit the kobold.
The kobold is severely wounded.
You barely miss the kobold.
The kobold hits you with a +2 rapier of distortion.
You die...

####### #.<...#
#####.########
#........# #
########.######## §.§
#...>.......<
§§§§#####K##.########
#§K§.?'.KK@......#
#..§..'...##.###.#
....#####.##.# #
#.##.# #.##.# #.##!.
..#### ###


You could see 3 kobolds.

Vanquished Creatures
  An adder (D:2)
  3 worms (D:2)
  4 bats
  2 endoplasms
  A giant cockroach (D:1)
  3 hobgoblins (D:1)
  2 quokkas
  3 ball pythons
  2 frilled lizards (D:2)
  A kobold (D:2)
  A rat (D:2)
23 creatures vanquished.

Notes
Turn   | Place    | Note
-------+----------+-------------------------------------------
     0 | D:1      | Dillmonsterx101 the Minotaur Fighter began the quest for
                  | the Orb.
     0 | D:1      | Reached XP level 1. HP: 19/19 MP: 0/0
   335 | D:1      | Found a faded altar of an unknown god.
   462 | D:1      | Reached XP level 2. HP: 23/27 MP: 1/1
  1774 | D:2      | Reached XP level 3. HP: 33/33 MP: 2/2
  1941 | D:3      | Found a large runed translucent door.
  1944 | D:3      | Found a large runed translucent door.
  1947 | D:3      | Found a corrupted altar of Lugonu.
  1958 | D:3      | Slain by a kobold

Illustrated notes

Levels and vault maps discovered:
D:1:      onia_arrival_pentagram, layout_basic,
          shapermc_ecumenical_altar_pompeii, minmay_misc_feat_iff,
          due_unseen_surprise
D:2:      layout_basic, nicolae_wormholes
D:3:      due_chaos_kobolds, layout_loops_ring, gammafunk_ghost_grave

Skill      XL: |  1  2  3 |
---------------+----------+-----
Armour         | 4 |  4.3
Fighting       | 4 |  4.0
Axes           | 3 |  3.1
Stealth        | |  0.1
Shields        | |  3.9

Action                   || total
-------------------------++-------
Melee: War axe           ||    48
       Headbutt          ||     6
Armor: Scale mail        ||    23
Dodge: Dodged            ||    14
Block: Buckler           ||    13
